ACL
ACL TAMPA BAY RAYS @ ACL ARIZONA DIAMONDBACKS
05/01/2042
 
TOP OF THE 1ST
ACL Tampa Bay Rays batting - Pitching for ACL Arizona Diamondbacks : RHP Jon Wilson
Pitching: RHP Jon Wilson
Batting: LHB Marc González 0-0: Ball
1-0: Ball
2-0: Called Strike
2-1: Called Strike
2-2: Ball
3-2: Fly out, F8 (Flyball, 8LD, EV 111.3 MPH)
Batting: RHB Rodrigo Garza 0-0: Called Strike
0-1: Ball
1-1: Foul Ball, location: 5F
1-2: Strikes out swinging
Batting: LHB Dave Robbins 0-0: Ball
1-0: Called Strike
1-1: Called Strike
1-2: Foul Ball, location: 25FF
1-2: Ball
2-2: Ball
3-2: DOUBLE (Groundball, 3L, EV 108.1 MPH)
Batting: LHB Chris Correa 0-0: Called Strike
0-1: Ball
1-1: Called Strike
1-2: Foul Ball, location: 3FF
1-2: Strikes out swinging
Top of the 1st over - 0 runs, 1 hit, 0 errors, 1 left on base; ACL Tampa Bay 0 - ACL Arizona 0
BOTTOM OF THE 1ST
ACL Arizona Diamondbacks batting - Pitching for ACL Tampa Bay Rays : RHP Dan Thomas
Pitching: RHP Dan Thomas
Batting: RHB Phil Dooley 0-0: Ball
1-0: Ground out 5-3 (Groundball, 56S, EV 87.5 MPH)
Batting: RHB Alan Jewell 0-0: Ball
1-0: Ball
2-0: Called Strike
2-1: Foul Ball, location: 9LMF
2-2: SINGLE (Groundball, 4MD, EV 103.1 MPH)
Batting: LHB Luis López 0-0: Foul Ball, location: 5FF
0-1: Foul Ball, location: 7LDF
0-2: Ball
1-2: Ball
2-2: DOUBLE (Line Drive, 89D, EV 105.0 MPH)
Alan Jewell to third
Batting: RHB Stan McDonald 0-0: Ball
Wild Pitch!
Alan Jewell scores
Luis López to third
1-0: Swinging Strike
1-1: Foul Ball, location: 25F
1-2: Ball
2-2: Fly out, F4 (Popup, 34, EV 71.3 MPH)
Batting: RHB Sean Thomas 0-0: Foul Ball, location: 2F
0-1: Swinging Strike
0-2: Strikes out swinging
Bottom of the 1st over - 1 run, 2 hits, 0 errors, 1 left on base; ACL Tampa Bay 0 - ACL Arizona 1
TOP OF THE 2ND
ACL Tampa Bay Rays batting - Pitching for ACL Arizona Diamondbacks : RHP Jon Wilson
Batting: LHB Jimmie Parrish 0-0: Ball
1-0: Ball
2-0: Ball
3-0: Swinging Strike
3-1: Called Strike
3-2: DOUBLE (Line Drive, 7LS, EV 96.3 MPH)
Batting: RHB Kevin Curry 0-0: Called Strike
0-1: Ball
1-1: Called Strike
1-2: Strikes out swinging
Batting: RHB Dan Jones 0-0: Foul Ball, location: 25FF
0-1: Called Strike
0-2: Ball
1-2: Fly out, F8 (Flyball, 78M, EV 91.3 MPH)
Batting: RHB Dan Frank 0-0: Fly out, F9 (Flyball, 9D, EV 106.3 MPH)
Top of the 2nd over - 0 runs, 1 hit, 0 errors, 1 left on base; ACL Tampa Bay 0 - ACL Arizona 1
BOTTOM OF THE 2ND
ACL Arizona Diamondbacks batting - Pitching for ACL Tampa Bay Rays : RHP Dan Thomas
Batting: LHB José López 0-0: Called Strike
0-1: Swinging Strike
0-2: Strikes out swinging
Batting: RHB Jorge Gonzáles 0-0: Foul Ball, location: 5F
0-1: Foul Ball, location: 9LMF
0-2: Foul Ball, location: 5FF
0-2: Ground out 6-3 (Groundball, 6, EV 86.9 MPH)
Batting: RHB Edwin Henry 0-0: Ball
1-0: Called Strike
1-1: Called Strike
1-2: SOLO HOME RUN (Flyball, 9D, EV 101.9 MPH), Distance : 377 ft
Batting: RHB Cisco Concepción 0-0: Called Strike
0-1: Ball
1-1: Ball
2-1: Foul Ball, location: 5SF
2-2: Ball
3-2: Strikes out swinging
Bottom of the 2nd over - 1 run, 1 hit, 0 errors, 0 left on base; ACL Tampa Bay 0 - ACL Arizona 2
TOP OF THE 3RD
ACL Tampa Bay Rays batting - Pitching for ACL Arizona Diamondbacks : RHP Jon Wilson
Batting: RHB Dave Arrington 0-0: Ball
1-0: Ball
2-0: SINGLE (Flyball, 7LS, EV 91.9 MPH)
Batting: LHB Marc González 0-0: Ball
1-0: Bunt missed!
1-1: Sac Bunt to 2R - play at first, batter OUT! 2-3
Dave Arrington to second
Batting: RHB Rodrigo Garza 0-0: Ball
1-0: Ground out 6-3 (Groundball, 6, EV 81.3 MPH)
Batting: LHB Dave Robbins 0-0: Called Strike
0-1: Fly out, F8 (Flyball, 8LD, EV 108.1 MPH)
Top of the 3rd over - 0 runs, 1 hit, 0 errors, 1 left on base; ACL Tampa Bay 0 - ACL Arizona 2
BOTTOM OF THE 3RD
ACL Arizona Diamondbacks batting - Pitching for ACL Tampa Bay Rays : RHP Dan Thomas
Batting: RHB Phil Dooley 0-0: Ground out U3 (Groundball, 3S, EV 88.1 MPH)
Batting: RHB Alan Jewell 0-0: Foul Ball, location: 9LDF
0-1: Ball
1-1: Ground out 1-3 (Groundball, 13S, EV 75.6 MPH)
Batting: LHB Luis López 0-0: Ball
1-0: Ball
2-0: Foul Ball, location: 3SF
2-1: Ball
3-1: Swinging Strike
3-2: Base on Balls
Batting: RHB Stan McDonald 0-0: Called Strike
0-1: Ball
1-1: Ball
2-1: Called Strike
2-2: Fly out, F9 (Flyball, 9LSF, EV 93.8 MPH)
Bottom of the 3rd over - 0 runs, 0 hits, 0 errors, 1 left on base; ACL Tampa Bay 0 - ACL Arizona 2
TOP OF THE 4TH
ACL Tampa Bay Rays batting - Pitching for ACL Arizona Diamondbacks : RHP Jon Wilson
Batting: LHB Chris Correa 0-0: Called Strike
0-1: Ball
1-1: Foul Ball, location: 2F
1-2: Strikes out looking
Batting: LHB Jimmie Parrish 0-0: Foul Ball, location: 7LSF
0-1: Ball
1-1: Called Strike
1-2: Ground out 1-3 (Groundball, 15S, EV 66.9 MPH)
Batting: RHB Kevin Curry 0-0: Ball
1-0: Foul Ball, location: 23F
1-1: Ball
2-1: TRIPLE (Flyball, 89XD, EV 88.8 MPH)
Batting: RHB Dan Jones 0-0: Called Strike
0-1: Called Strike
0-2: Ball
1-2: Strikes out looking
Top of the 4th over - 0 runs, 1 hit, 0 errors, 1 left on base; ACL Tampa Bay 0 - ACL Arizona 2
BOTTOM OF THE 4TH
ACL Arizona Diamondbacks batting - Pitching for ACL Tampa Bay Rays : RHP Dan Thomas
Batting: RHB Sean Thomas 0-0: Swinging Strike
0-1: Swinging Strike
0-2: Strikes out swinging
Batting: LHB José López 0-0: Ball
1-0: Called Strike
1-1: Ball
2-1: Swinging Strike
2-2: Strikes out swinging
Batting: RHB Jorge Gonzáles 0-0: Ball
1-0: Ball
2-0: Called Strike
2-1: Foul Ball, location: 23FF
2-2: Ball
3-2: Foul Ball, location: 2F
3-2: Foul Ball, location: 9LSF
3-2: Base on Balls
Batting: RHB Edwin Henry 0-0: Ball
1-0: Ball
Jorge Gonzáles steals 2nd base
2-0: Called Strike
2-1: Ball
3-1: Base on Balls
Batting: RHB Cisco Concepción 0-0: Ball
1-0: Ball
2-0: Ball
3-0: Base on Balls
Jorge Gonzáles to third
Edwin Henry to second
Batting: RHB Phil Dooley 0-0: Fly out, F9 (Flyball, 9D, EV 80.0 MPH)
Bottom of the 4th over - 0 runs, 0 hits, 0 errors, 3 left on base; ACL Tampa Bay 0 - ACL Arizona 2
TOP OF THE 5TH
ACL Tampa Bay Rays batting - Pitching for ACL Arizona Diamondbacks : RHP Jon Wilson
Batting: RHB Dan Frank 0-0: Ball
1-0: Called Strike
1-1: Ground out 5-3 (Groundball, 5L, EV 89.4 MPH)
Batting: RHB Dave Arrington 0-0: Ball
1-0: Ball
2-0: Ball
3-0: Base on Balls
Batting: LHB Marc González 0-0: Swinging Strike
0-1: Ball
1-1: Foul Ball, location: 2F
1-2: Strikes out swinging
Batting: RHB Rodrigo Garza 0-0: Ball
1-0: Swinging Strike
1-1: Ball
2-1: Foul Ball, location: 2F
2-2: Foul Ball, location: 23FF
2-2: Fielders Choice at 2nd, 5-4 (Groundball, 56, EV 104.4 MPH)
Top of the 5th over - 0 runs, 0 hits, 0 errors, 1 left on base; ACL Tampa Bay 0 - ACL Arizona 2
BOTTOM OF THE 5TH
ACL Arizona Diamondbacks batting - Pitching for ACL Tampa Bay Rays : RHP Dan Thomas
Batting: RHB Alan Jewell 0-0: Foul Ball, location: 2F
0-1: Foul Ball, location: 2F
0-2: Ball
1-2: Foul Ball, location: 2F
1-2: Ball
2-2: Ball
3-2: Base on Balls
Batting: LHB Luis López 0-0: SINGLE (Groundball, 25, EV 64.4 MPH) (infield hit)
Alan Jewell to second
Batting: RHB Stan McDonald 0-0: Called Strike
0-1: Foul Ball, location: 2LF
0-2: Ball
1-2: Foul Ball, location: 2F
1-2: Strikes out looking
Batting: RHB Sean Thomas 0-0: Called Strike
0-1: Swinging Strike
0-2: Strikes out swinging
Batting: LHB José López 0-0: Called Strike
0-1: Swinging Strike
0-2: Strikes out swinging
Bottom of the 5th over - 0 runs, 1 hit, 0 errors, 2 left on base; ACL Tampa Bay 0 - ACL Arizona 2
TOP OF THE 6TH
ACL Tampa Bay Rays batting - Pitching for ACL Arizona Diamondbacks : RHP Jon Wilson
Batting: LHB Dave Robbins 0-0: Foul Ball, location: 7LDF
0-1: Ball
1-1: Called Strike
1-2: Ball
2-2: Ball
3-2: Foul Ball, location: 2F
3-2: Base on Balls
Batting: LHB Chris Correa 0-0: Ball
Dave Robbins steals 2nd base
1-0: Ball
2-0: 2-RUN HOME RUN (Flyball, 9LD, EV 91.9 MPH), Distance : 334 ft
Batting: LHB Jimmie Parrish 0-0: Called Strike
0-1: Hit by Pitch
Batting: RHB Kevin Curry 0-0: Fly out, F7 (Flyball, 7D, EV 98.1 MPH)
Batting: RHB Dan Jones 0-0: Called Strike
0-1: Ball
Jimmie Parrish steals 2nd base
1-1: Foul Ball, location: 5F
1-2: DOUBLE (Groundball, 5L, EV 95.0 MPH)
Jimmie Parrish scores
Batting: RHB Dan Frank 0-0: Swinging Strike
0-1: Swinging Strike
0-2: Ball
1-2: Strikes out looking and he ARGUES THE CALL AND IS TOSSED!
Batting: RHB Dave Arrington 0-0: Ball
1-0: Foul Ball, location: 5SF
1-1: Called Strike
1-2: Strikes out swinging
Top of the 6th over - 3 runs, 2 hits, 0 errors, 1 left on base; ACL Tampa Bay 3 - ACL Arizona 2
BOTTOM OF THE 6TH
ACL Arizona Diamondbacks batting - Pitching for ACL Tampa Bay Rays : RHP Dan Thomas
Pitching: RHP Willie Fisher
Now at 3B: Shawn Shepard
Batting: RHB Jorge Gonzáles 0-0: Ball
1-0: Called Strike
1-1: Swinging Strike
1-2: Strikes out swinging
Batting: RHB Edwin Henry 0-0: Called Strike
0-1: Swinging Strike
0-2: Ball
1-2: Strikes out looking
Pinch Hitting: RHB Ed Harris 0-0: Called Strike
0-1: Swinging Strike
0-2: Strikes out swinging
Bottom of the 6th over - 0 runs, 0 hits, 0 errors, 0 left on base; ACL Tampa Bay 3 - ACL Arizona 2
TOP OF THE 7TH
ACL Tampa Bay Rays batting - Pitching for ACL Arizona Diamondbacks : RHP Jon Wilson
Now in CF: Jesús Mendoza
Batting: LHB Marc González 0-0: Called Strike
0-1: Foul Ball, location: 5FF
0-2: Strikes out looking
Pitching: LHP Jorge Germán
Batting: RHB Rodrigo Garza 0-0: Ball
1-0: Called Strike
1-1: Foul Ball, location: 2F
1-2: Ball
2-2: Ball
3-2: Base on Balls
Batting: LHB Dave Robbins 0-0: DOUBLE (Line Drive, 8RD, EV 93.1 MPH)
Rodrigo Garza to third
Batting: LHB Chris Correa 0-0: Ball
1-0: Swinging Strike
1-1: Ball
2-1: Ball
3-1: Foul Ball, location: 5SF
3-2: Foul Ball, location: 23F
3-2: Base on Balls
Batting: LHB Jimmie Parrish 0-0: Ball
1-0: Called Strike
1-1: Foul Ball, location: 5F
1-2: Strikes out swinging
Batting: RHB Kevin Curry 0-0: Ball
1-0: Ball
2-0: Ball
3-0: Called Strike
3-1: Base on Balls
Rodrigo Garza scores
Dave Robbins to third
Chris Correa to second
Batting: RHB Dan Jones 0-0: Ball
1-0: DOUBLE (Line Drive, 78D, EV 110.6 MPH)
Dave Robbins scores
Chris Correa scores
Kevin Curry to third
Runner from 3rd tries for Home, SAFE, throw by LF to home
Pitching: RHP Eric Park
Batting: RHB Shawn Shepard 0-0: Ball
1-0: Ball
2-0: Ball
3-0: Called Strike
3-1: Base on Balls
Batting: RHB Dave Arrington 0-0: Ball
Dan Jones steals 3rd base
1-0: Called Strike
1-1: Swinging Strike
1-2: Ball
2-2: Foul Ball, location: 2F
2-2: Ball
3-2: Base on Balls
Shawn Shepard to second
Batting: LHB Marc González 0-0: Called Strike
0-1: DOUBLE (Line Drive, 78D, EV 103.8 MPH)
Dan Jones scores
Shawn Shepard scores
Dave Arrington to third
Pinch Hitting: LHB Charlie Chappell 0-0: Ball
1-0: Foul Ball, location: 2F
1-1: Foul Ball, location: 25F
1-2: Strikes out swinging
Top of the 7th over - 6 runs, 3 hits, 0 errors, 2 left on base; ACL Tampa Bay 9 - ACL Arizona 2
BOTTOM OF THE 7TH
ACL Arizona Diamondbacks batting - Pitching for ACL Tampa Bay Rays : RHP Willie Fisher
Now in RF: Charlie Chappell
Batting: RHB Phil Dooley 0-0: Foul Ball, location: 9LDF
0-1: Ball
1-1: Ball
2-1: Ball
3-1: Foul Ball, location: 9LSF
3-2: Ground out 5-3 (Groundball, 5, EV 105.0 MPH)
Batting: RHB Alan Jewell 0-0: Ball
1-0: Swinging Strike
1-1: Foul Ball, location: 3SF
1-2: Foul Ball, location: 2F
1-2: Ball
2-2: Strikes out swinging
Batting: LHB Luis López 0-0: Foul Ball, location: 5SF
0-1: Ball
1-1: Ball
2-1: Called Strike
2-2: Ball
3-2: Base on Balls
Batting: RHB Stan McDonald 0-0: Ball
Luis López steals 2nd base (no throw)
1-0: Ball
2-0: Called Strike
2-1: Ball
3-1: Base on Balls
Batting: RHB Sean Thomas 0-0: Ball
1-0: Called Strike
1-1: Swinging Strike
1-2: Strikes out swinging
Bottom of the 7th over - 0 runs, 0 hits, 0 errors, 2 left on base; ACL Tampa Bay 9 - ACL Arizona 2
TOP OF THE 8TH
ACL Tampa Bay Rays batting - Pitching for ACL Arizona Diamondbacks : RHP Eric Park
Batting: LHB Dave Robbins 0-0: Called Strike
0-1: Ground out U3 (Groundball, 3, EV 92.5 MPH)
Batting: LHB Chris Correa 0-0: Called Strike
0-1: Swinging Strike
0-2: Ball
1-2: Strikes out swinging, 2-3 out at first.
Batting: LHB Jimmie Parrish 0-0: Called Strike
0-1: Called Strike
0-2: Ball
1-2: Foul Ball, location: 7LSF
1-2: Foul Ball, location: 5SF
1-2: Strikes out swinging
Top of the 8th over - 0 runs, 0 hits, 0 errors, 0 left on base; ACL Tampa Bay 9 - ACL Arizona 2
BOTTOM OF THE 8TH
ACL Arizona Diamondbacks batting - Pitching for ACL Tampa Bay Rays : RHP Willie Fisher
Batting: LHB José López 0-0: Swinging Strike
0-1: Called Strike
0-2: Ball
1-2: Strikes out looking
Batting: RHB Jorge Gonzáles 0-0: Called Strike
0-1: Swinging Strike
0-2: Foul Ball, location: 2F
0-2: Ball
1-2: Strikes out swinging
Batting: RHB Edwin Henry 0-0: SINGLE (Groundball, 4D, EV 95.0 MPH)
Batting: LHB Jesús Mendoza 0-0: Ball
1-0: Foul Ball, location: 2F
1-1: Ball
2-1: Ball
3-1: Foul Ball, location: 25FF
3-2: SINGLE (Groundball, 4MD, EV 103.8 MPH)
Edwin Henry to second
Edwin Henry to third
Batting: RHB Phil Dooley 0-0: Ball
1-0: DOUBLE (Line Drive, 7LS, EV 100.0 MPH)
Edwin Henry scores
Jesús Mendoza to third
Batting: RHB Alan Jewell 0-0: Ball
1-0: Ball
2-0: Foul Ball, location: 2F
2-1: Ball
3-1: Foul Ball, location: 2F
3-2: Foul Ball, location: 2F
3-2: Base on Balls
Pitching: RHP Ron McCord
Batting: LHB Luis López 0-0: Ball
1-0: Ball
2-0: Ball
3-0: Base on Balls
Jesús Mendoza scores
Phil Dooley to third
Alan Jewell to second
Batting: RHB Stan McDonald 0-0: Swinging Strike
0-1: Ball
1-1: Called Strike
1-2: Strikes out swinging
Bottom of the 8th over - 2 runs, 3 hits, 0 errors, 3 left on base; ACL Tampa Bay 9 - ACL Arizona 4
TOP OF THE 9TH
ACL Tampa Bay Rays batting - Pitching for ACL Arizona Diamondbacks : RHP Eric Park
Batting: RHB Kevin Curry 0-0: Fly out, F7 (Flyball, 7LM, EV 98.1 MPH)
Batting: RHB Dan Jones 0-0: Ball
1-0: Ball
2-0: Called Strike
2-1: Foul Ball, location: 2F
2-2: Ball
3-2: Base on Balls
Batting: RHB Shawn Shepard 0-0: Called Strike
0-1: Ball
1-1: Ball
2-1: Ball
3-1: Base on Balls
Dan Jones to second
Batting: RHB Dave Arrington 0-0: Called Strike
0-1: Swinging Strike
0-2: Ball
1-2: Strikes out swinging
Batting: LHB Marc González 0-0: Ball
1-0: Called Strike
1-1: Foul Ball, location: 7LDF
1-2: Strikes out looking
Top of the 9th over - 0 runs, 0 hits, 0 errors, 2 left on base; ACL Tampa Bay 9 - ACL Arizona 4
BOTTOM OF THE 9TH
ACL Arizona Diamondbacks batting - Pitching for ACL Tampa Bay Rays : RHP Ron McCord
Pinch Hitting: RHB Bernalldo Chorro 0-0: Swinging Strike
0-1: Swinging Strike
0-2: Foul Ball, location: 2F
0-2: Ball
1-2: Ball
2-2: Strikes out looking
Batting: LHB José López 0-0: Ball
1-0: Ball
2-0: Called Strike
2-1: Foul Ball, location: 2F
2-2: Strikes out looking
Batting: RHB Jorge Gonzáles 0-0: Foul Ball, location: 2F
0-1: Foul Ball, location: 5FF
0-2: Fly out, F3 (Popup, 3, EV 70.6 MPH)
Bottom of the 9th over - 0 runs, 0 hits, 0 errors, 0 left on base; ACL Tampa Bay 9 - ACL Arizona 4
Wednesday, May 15th , 2024 - OOTP Baseball 24.10 Build 82